AoeStats
← gokulsurya003

Black Forest

510363622Analyzed
4v4 RM · 1d ago on Sep 30, 2026· 68m 21s· 8 players
Game mode
Random Map
Map size
Large (8 player)
Population
200
Speed
Normal
Resources
Standard
Victory
Conquest
Starting age
Dark Age
Ending age
Imperial Age
RankedLock teamsTeams togetherTeam positionsShared explorationLock speedFull tech treeHidden civsTurbo modeCheats
Victory
Defeat
🇨🇳 Goths · China
820
+10
🇨🇳 Vietnamese · China
751
+12
🇮🇳 Byzantines · India
735
+13
🇨🇳 Spanish · China
696
+15
🇫🇷 Chinese · France
763
-16
🇺🇸 Cumans · United States
702
-14
🇹🇷 Bohemians · Türkiye
647
-11
🇮🇹 Britons · Italy
572
-9
kael9297
0:31 Loom
15:11 Feudal Age
16:00 Fishing Lines
16:09 Double-Bit Axe
18:29 Wheelbarrow
24:25 Horse Collar
25:45 Padded Archer Armor
25:35 Fletching
25:56 Forging
25:46 Scale Mail Armor
25:52 Scale Barding Armor
28:02 Castle Age
28:04 Pikeman
28:44 Squires
28:45 Arson
28:21 Man-at-Arms
29:06 Caravan
29:39 Coinage
29:22 Bow Saw
29:14 Heavy Plow
30:38 Leather Archer Armor
30:18 Bodkin Arrow
30:59 Iron Casting
30:39 Chain Mail Armor
30:45 Chain Barding Armor
31:01 Hand Cart
30:36 Long Swordsman
32:17 Fortified Wall
33:18 Chemistry
32:40 Ballistics
32:53 Wagenburg Tactics
37:46 Imperial Age
36:24 Masonry
38:21 Two-Handed Swordsman
39:18 Halberdier
40:24 Conscription
39:41 Champion
49:12 Two-Man Saw
FoXx
0:28 Loom
14:07 Feudal Age
16:13 Horse Collar
17:54 Double-Bit Axe
20:13 Stone Mining
20:19 Fletching
20:18 Arson
24:00 Castle Age
22:24 Gold Mining
25:46 Bow Saw
27:02 Caravan
27:53 Wheelbarrow
28:13 Stone Shaft Mining
28:23 Coinage
28:49 Thumb Ring
29:29 Gold Shaft Mining
28:58 Heavy Plow
29:56 Bodkin Arrow
30:23 Ballistics
31:32 Padded Archer Armor
31:41 Heated Shot
31:58 Squires
32:56 Hand Cart
32:29 Town Watch
33:06 Leather Archer Armor
33:20 Great Wall
34:45 Fortified Wall
34:31 Murder Holes
39:22 Imperial Age
38:16 Town Patrol
38:22 Herbal Medicine
38:42 Masonry
39:27 Elite Chu Ko Nu
40:30 Conscription
40:14 Bracer
40:45 Ring Archer Armor
41:18 Chemistry
40:03 Arrowslits
41:43 Architecture
41:55 Banking
43:31 Elite Fire Lancer
44:28 Forging
44:18 Scale Mail Armor
45:26 Two-Man Saw
46:25 Guard Tower
46:55 Bombard Tower
47:14 Iron Casting
46:54 Chain Mail Armor
46:05 Pikeman
iKalakamalaka
16:16 Feudal Age
15:29 Loom
18:55 Wheelbarrow
19:11 Double-Bit Axe
21:58 Fishing Lines
22:23 Town Watch
23:13 Stone Mining
23:14 Gold Mining
26:48 Castle Age
26:38 Horse Collar
27:55 Bow Saw
28:46 Caravan
30:46 Gillnets
32:29 Gold Shaft Mining
36:01 Imperial Age
34:12 Hand Cart
35:18 Town Patrol
37:12 Ballistics
37:53 Chemistry
36:49 Murder Holes
37:04 Masonry
38:25 Conscription
37:26 Elite Kipchak
39:27 Two-Man Saw
38:46 Arson
39:01 Squires
38:22 Pikeman
40:09 Bloodlines
39:26 Halberdier
41:34 Steppe Husbandry
42:31 Halberdier
43:32 Thumb Ring
43:53 Parthian Tactics
45:37 Hoardings
48:36 Scale Mail Armor
PadreMaronno
0:32 Loom
12:56 Feudal Age
13:28 Town Watch
13:29 Horse Collar
14:28 Double-Bit Axe
21:25 Gold Mining
21:27 Stone Mining
24:33 Castle Age
23:22 Fletching
24:39 Padded Archer Armor
25:23 Heavy Plow
25:36 Bow Saw
27:20 Gold Shaft Mining
26:50 Bodkin Arrow
27:51 Leather Archer Armor
29:22 Yeomen
29:47 Wheelbarrow
31:18 Town Patrol
31:37 Caravan
35:10 Hand Cart
38:24 Imperial Age
38:32 Ballistics
38:57 Masonry
38:28 Elite Longbowman
39:14 Bracer
40:14 Conscription
41:18 Ring Archer Armor
43:15 Chemistry
44:19 Warwolf
44:53 Siege Engineers
48:09 Hoardings
48:19 Architecture
53:56 Murder Holes
57:00 Treadmill Crane
61:27 Forging
62:09 Scale Barding Armor
gokulsurya003
1:14 Loom
12:40 Feudal Age
16:50 Double-Bit Axe
17:43 Fishing Lines
18:55 Wheelbarrow
19:58 Horse Collar
23:52 Castle Age
23:34 Stone Mining
23:35 Gold Mining
23:43 Gold Mining
28:56 Hand Cart
28:42 Gillnets
29:52 Stone Shaft Mining
29:52 Gold Shaft Mining
34:20 Imperial Age
32:59 Husbandry
35:58 Padded Archer Armor
35:49 Fletching
36:09 Forging
36:24 Bow Saw
36:21 Heavy Plow
36:02 Heavy Cavalry Archer
37:34 Ballistics
37:55 Cavalier
41:59 Chemistry
51:39 Light Cavalry
51:41 Paladin
56:05 Hussar
58:05 Scale Barding Armor
58:15 Leather Archer Armor
57:56 Bodkin Arrow
58:36 Iron Casting
58:02 Scale Mail Armor
63:42 Chain Barding Armor
63:38 Chain Mail Armor
63:53 Ring Archer Armor
63:23 Bracer
76561199674421185
1:29 Loom
12:01 Feudal Age
13:55 Wheelbarrow
13:09 Double-Bit Axe
13:20 Gold Mining
16:20 Horse Collar
24:34 Castle Age
25:43 Bow Saw
25:50 Hand Cart
25:41 Heavy Plow
27:19 Stone Mining
28:51 Stone Shaft Mining
29:33 Masonry
29:33 Fortified Wall
29:45 Caravan
34:10 Imperial Age
32:46 Coinage
33:22 Sanctity
34:56 Forging
34:38 Fletching
34:48 Padded Archer Armor
35:47 Architecture
34:44 Man-at-Arms
35:09 Gambesons
35:38 Guilds
36:40 Conscription
36:43 Ballistics
37:21 Banking
36:54 Elite Skirmisher
38:13 Iron Casting
39:54 Two-Man Saw
39:25 Leather Archer Armor
41:13 Ring Archer Armor
40:39 Bodkin Arrow
41:17 Elite Conquistador
41:44 Fishing Lines
42:44 Scale Mail Armor
42:50 Scale Barding Armor
42:46 Gillnets
42:43 Long Swordsman
43:27 Squires
44:50 Chemistry
43:54 Inquisition
43:44 Two-Handed Swordsman
45:32 Hoardings
45:09 Bracer
45:19 Arrowslits
46:53 Chain Barding Armor
46:49 Chain Mail Armor
47:34 Blast Furnace
45:58 Imperial Skirmisher
46:32 Guard Tower
48:29 Pikeman
50:48 Plate Mail Armor
49:57 Halberdier
55:05 Plate Barding Armor
183
0:30 Loom
13:37 Feudal Age
14:17 Double-Bit Axe
14:16 Horse Collar
14:43 Fishing Lines
18:22 Wheelbarrow
21:30 Gold Mining
25:32 Castle Age
24:43 Stone Mining
26:43 Bow Saw
27:11 Stone Shaft Mining
26:42 Heavy Plow
31:06 Imperial Age
31:08 Hand Cart
31:15 Arson
31:31 Squires
30:52 Pikeman
31:37 Chatras
33:08 Two-Man Saw
32:41 Crop Rotation
32:08 Gillnets
32:09 Town Watch
33:29 Elite Fire Lancer
34:10 Herbal Medicine
34:59 Town Patrol
35:05 Halberdier
36:30 Coinage
36:32 Elite Skirmisher
38:38 Scale Barding Armor
38:34 Scale Mail Armor
38:19 Treadmill Crane
39:00 Ballistics
38:57 Forging
39:29 Padded Archer Armor
40:10 Imperial Skirmisher
41:10 Caravan
42:31 Crossbowman
43:17 Thumb Ring
42:33 Heavy Cavalry Archer
43:34 Heated Shot
44:04 Chain Mail Armor
43:43 Fletching
44:33 Chain Barding Armor
46:07 Chemistry
45:41 Plate Mail Armor
45:49 Iron Casting
45:53 Plate Barding Armor
46:06 Elite Battle Elephant
46:07 Cavalier
46:48 Husbandry
46:59 Bloodlines
47:14 Leather Archer Armor
46:57 Bodkin Arrow
48:09 Light Cavalry
48:15 Arbalester
49:42 Theocracy
49:08 Devotion
49:34 Illumination
49:25 Block Printing
49:11 Atonement
49:32 Sanctity
49:49 Ring Archer Armor
49:20 Bracer
49:33 Masonry
49:18 Murder Holes
49:34 Fortified Wall
49:11 Arrowslits
49:48 Bombard Tower
50:42 Banking
50:22 Guilds
56:02 Man-at-Arms
56:55 Siege Engineers
57:00 Careening
57:01 Clinker Construction
56:41 Guard Tower
64:11 Paper Money
63:12 Elite Rattan Archer
67:46 Hoardings
66:42 Sappers
178
0:33 Loom
12:50 Feudal Age
13:30 Fishing Lines
16:22 Double-Bit Axe
18:40 Wheelbarrow
21:02 Castle Age
22:27 Gold Mining
23:24 Gillnets
23:38 Caravan
24:29 Hand Cart
23:50 Man-at-Arms
24:32 Squires
25:52 Bow Saw
27:45 Anarchy
27:41 Horse Collar
32:02 Imperial Age
30:45 Heavy Plow
30:56 Treadmill Crane
32:19 Gold Mining
32:50 Scale Mail Armor
33:00 Forging
33:09 Clinker Construction
33:24 Conscription
33:10 Anarchy
34:08 Chain Mail Armor
34:16 Ballistics
34:21 Guilds
34:48 Perfusion
35:50 Two-Man Saw
35:22 Elite Huskarl
37:39 Chemistry
38:32 Iron Casting
38:29 Masonry
40:12 Blast Furnace
40:47 Long Swordsman
54:51 Two-Handed Swordsman
55:10 Champion
67:55 Spies/Treason
Connection lost

Rejoining the realm…

Still unreachable

The connection could not be restored.

Session expired

The server has moved on; the page needs a fresh start.